 Dungeon Crawl Stone Soup version 0.23-a0-619-g281719c6f9 (webtiles) character file.

17638 Maize the Severer (level 12, -1/115 HPs)
             Began as a Minotaur Fighter on Dec 23, 2018.
             Was the Champion of Okawaru.
             Slain by a stone giant (33 damage)
             ... in a volcano.
             The game lasted 00:25:23 (13797 turns).

Maize the Severer (Minotaur Fighter)               Turns: 13797, Time: 00:25:24

Health: -1/115     AC: 19    Str: 27    XL:     12   Next: 20%
Magic:  11/11      EV:  7    Int:  5    God:    Okawaru [******]
Gold:   427        SH:  0    Dex:  9    Spells: 11/11 levels left

rFire    . . .     SeeInvis .   B - +0 broad axe
rCold    . . .     Gourm    .   (no shield)
rNeg     . . .     Faith    .   b - +0 plate armour
rPois    +         Spirit   .   (helmet restricted)
rElec    .         Reflect  .   v - +0 cloak
rCorr    .         Harm     .   (no gloves)
MR       .....                  k - +2 pair of boots {Fly}
Stlth    ..........             (no amulet)
HPRegen  0.29/turn              p - +2 ring of protection
MPRegen  0.12/turn              u - ring of poison resistance

@: flying
A: retaliatory headbutt, horns 2
a: Heroism, Finesse, Renounce Religion, Stop Flying


You were in a volcano.
You worshipped Okawaru.
Okawaru was exalted by your worship.
You were very hungry.

You visited 2 branches of the dungeon, and saw 12 of its levels.
You also visited: Volcano.

You collected 427 gold pieces.

Inventory:

Hand Weapons
 B - a +0 broad axe (weapon)
 I - the +8 long sword "Secarar" {protect, Int+4}
   (You found it on level 10 of the Dungeon)

   It protects the one who uses it against injury (+AC on strike).
   It affects your intelligence (+4).
Missiles
 x - 11 tomahawks of dispersal (quivered)
Armour
 b - a +0 plate armour (worn)
 k - a +2 pair of boots of flying (worn)
 v - a +0 cloak (worn)
Jewellery
 h - an uncursed ring of protection from cold
 p - a +2 ring of protection (left hand)
 u - a ring of poison resistance (right hand)
 w - a +3 ring of dexterity
Wands
 A - a wand of flame (22)
 E - a wand of random effects (16)
 G - a wand of acid (6)
Scrolls
 c - 2 scrolls of remove curse
 g - a scroll of magic mapping
 i - 7 scrolls of teleportation
 j - 3 scrolls of enchant armour
 m - a scroll of blinking
 o - 2 scrolls of enchant weapon {unknown}
 q - a scroll of silence
 r - a scroll of fear
 s - a scroll of amnesia {unknown}
 y - a scroll of summoning {unknown}
Potions
 a - a potion of brilliance {unknown}
 d - 4 potions of might
 e - 3 potions of haste
 l - 2 potions of heal wounds
 n - 3 potions of flight
 t - a potion of degeneration {unknown}
 z - a potion of lignification {unknown}
 C - a potion of agility {unknown}
 D - 3 potions of curing
 H - a potion of mutation {unknown}
 J - a potion of invisibility {unknown}
 L - a potion of magic {unknown}
Comestibles
 f - 21 rations


   Skills:
 + Level 13.5 Fighting
 * Level 17.8 Axes
 + Level 6.8 Armour
   Level 3.6 Shields


You had 11 spell levels left.
You didn't know any spells.
Your spell library contained the following spells:

 Spells                   Type           Power        Failure   Level  Hunger
 Confusing Touch          Hex            #.....       99%         1    ##.....
 Flame Tongue             Conj/Fire      #....        99%         1    ##.....
 Magic Dart               Conj           #...         99%         1    ##.....
 Blink                    Tloc           N/A          100%        2    ###....
 Call Imp                 Summ           #.......     100%        2    ###....
 Slow                     Hex            #.......     100%        2    ###....
 Throw Flame              Conj/Fire      #.....       100%        2    ###....
 Confuse                  Hex            #.......     100%        3    ####...
 Conjure Flame            Conj/Fire      #.......     100%        3    ####...
 Gell's Gravitas          Tloc           #.........   100%        3    ####...
 Inner Flame              Hex/Fire       #.......     100%        3    ####...
 Mephitic Cloud           Conj/Pois/Air  #.......     100%        3    ####...
 Petrify                  Tmut/Erth      #.......     100%        4    #####..
 Sticky Flame             Conj/Fire      #.......     100%        4    #####..
 Bolt of Magma            Conj/Fire/Erth #.........   100%        5    ######.
 Fireball                 Conj/Fire      #.........   100%        5    ######.
 Irradiate                Conj/Tmut      #.........   100%        5    ######.
 Iskenderun's Battlesphe  Conj/Chrm      #.......     100%        5    ######.
 Metabolic Englaciation   Hex/Ice        #.........   100%        5    ######.
 Venom Bolt               Conj/Pois      #.........   100%        5    ######.
 Yara's Violent Unravell  Hex/Tmut       #.........   100%        5    ######.
 Hydra Form               Tmut           #.........   100%        6    #######
 Iron Shot                Conj/Erth      #.........   100%        6    #######
 Statue Form              Tmut/Erth      #........    100%        6    #######
 Dragon Form              Tmut           #.........   100%        7    #######
 Orb of Destruction       Conj           #.........   100%        7    #######
 Spellforged Servitor     Conj/Summ      #.........   100%        7    #######


Dungeon Overview and Level Annotations

Branches:
Dungeon (10/15)            Temple (0/1) D:6            Lair (2/6) D:9
 Spider (0/4) Lair:2
  Swamp: Lair:2-4    Shoals: Lair:2-4       Orc: D:9-12

Altars:
Ashenzari
Cheibriados
Gozag
Kikubaaqudgha
Nemelex Xobeh
Okawaru
Trog
Uskayaw
Vehumet
Wu Jian

Shops:
D:4 ((*}*

Annotations:
Lair:2 exclusion: 2 oklob plants


Innate Abilities, Weirdness & Mutations

You reflexively headbutt those who attack you in melee.
You have a pair of horns on your head.


Message History

You see here a large rock.
The stone giant barely misses you.
You slash the stone giant!
The stone giant is lightly wounded.
The stone giant hits you!!
* * * LOW HITPOINT WARNING * * *
You slice the stone giant!! You headbutt the stone giant.
The stone giant is heavily wounded.
The air gets thick with the scent of sulphur.
The stone giant hits you!!
* * * LOW HITPOINT WARNING * * *
You hit the stone giant. You headbutt the stone giant.
The stone giant is severely wounded.
Unknown command.
You hit the stone giant but do no damage.
The stone giant is severely wounded.
The stone giant hits you!!
* * * LOW HITPOINT WARNING * * *
You feel much better. The stone giant hits you!!
You die...

≈≈≈§≈≈§≈§§≈. #.# ≈§≈≈≈≈§≈≈§§. #.#
§≈§≈§§≈§≈≈≈. #.# ≈§≈≈≈≈§≈≈≈≈. #.#
§≈≈≈≈§≈≈≈§≈. #.# ≈≈§≈≈≈≈≈≈§≈
###++###)### ≈≈≈§≈≈≈≈≈§≈
#....#.....# ≈≈≈ #.∩C.#.8_8.# §≈§
#...@(.....+ ≈≈≈ ############
§≈≈≈ ≈§§§§ ≈ ≈≈§≈≈≈≈§ §§§
≈≈§≈≈≈≈≈§§ §≈§§§
≈≈≈≈≈§≈≈≈§≈≈≈≈≈≈≈≈≈≈≈≈≈≈§≈≈≈≈≈≈≈≈
≈≈≈≈§≈≈≈§≈§≈§≈§≈§§§≈§≈≈§§≈≈§≈§§§≈
.≈≈§≈§≈≈≈≈≈≈≈≈≈≈≈§§§≈≈≈≈≈≈≈≈≈≈≈§≈


You could see a stone giant.

Vanquished Creatures
  Erica (D:9)
  Pikel (D:7)
  An ugly thing (D:10)
  A deep elf mage (D:10)
  A spiny frog (Lair:1)
  A black mamba (Lair:1)
  2 gargoyles (Volcano)
  A rime drake (Lair:2)
  A demonic crawler (Lair:2)
  An efreet (Volcano)
  5 komodo dragons
  3 trolls
  4 blink frogs (Lair:1)
  4 hippogriffs
  A vampire (D:9)
  15 yaks
  A fire bat (Volcano)
  A wyvern (Lair:2)
  Menkaure (D:7)
  2 steam dragons
  Edmund (D:5)
  2 hell hounds (Lair:2)
  4 water moccasins
  9 porcupines
  3 orc warriors
  3 ice beasts
  A black bear (D:8)
  2 phantoms
  4 sky beasts
  2 slaves (D:7)
  3 centaurs
  3 ogres
  2 eyes of draining
  3 wolves (Lair:1)
  3 big kobolds
  2 crocodiles
  10 bullfrogs
  An earth elemental (Volcano)
  5 scorpions
  A water moccasin skeleton (D:8)
  5 killer bees (D:8)
  5 wights (D:10)
  4 howler monkeys
  4 electric eels (D:9)
  5 crimson imps
  2 centaur zombies
  2 lava snakes (Volcano)
  A quasit (D:8)
  3 hounds
  5 orc priests
  Crazy Yiuf (D:5)
  3 bullfrog skeletons
  8 orc wizards
  2 centaur skeletons
  2 iguanas
  5 worker ants
  2 hound skeletons
  A hound zombie (D:5)
  2 worker ant zombies
  4 gnolls
  10 adders
  4 shadow imps
  An ooze (D:1)
  An adder skeleton (D:5)
  An adder zombie (D:6)
  3 worms
  7 leopard geckos
  39 orcs
  A ball python (D:1)
  5 giant cockroaches
  3 goblins
  6 hobgoblins
  5 jackals
  2 quokkas
  6 bats
  4 frilled lizards
  A jackal skeleton (D:4)
  15 kobolds
  A leopard gecko skeleton (D:5)
  6 rats
299 creatures vanquished.

Vanquished Creatures (others)
  A wizard (D:5)
  A fungus (Lair:2)
  3 plants
5 creatures vanquished.

Grand Total: 304 creatures vanquished

Notes
Turn   | Place    | Note
-------+----------+-------------------------------------------
     0 | D:1      | Maize the Minotaur Fighter began the quest for the Orb.
     0 | D:1      | Reached XP level 1. HP: 19/19 MP: 0/0
   221 | D:1      | Reached skill level 3 in Axes
   415 | D:1      | Reached XP level 2. HP: 24/27 MP: 1/1
  1065 | D:2      | Reached XP level 3. HP: 33/33 MP: 2/2
  1149 | D:2      | Reached skill level 4 in Axes
  1922 | D:3      | Reached XP level 4. HP: 41/41 MP: 3/3
  1931 | D:3      | Reached skill level 5 in Axes
  2106 | D:3      | Reached XP level 5. HP: 47/47 MP: 4/4
  2115 | D:3      | Found a snail-covered altar of Cheibriados.
  2166 | D:3      | Reached skill level 5 in Fighting
  2633 | D:3      | Reached skill level 6 in Axes
  2644 | D:3      | Reached XP level 6. HP: 22/56 MP: 5/5
  2888 | D:3      | Found an iron altar of Okawaru.
  2896 | D:3      | Became a worshipper of Warmaster Okawaru
  2991 | D:3      | Found an ornate altar of the Wu Jian Council.
  2996 | D:3      | Found an opulent altar of Gozag.
  3116 | D:4      | Found Tushrenug's Weapon Emporium.
  3143 | D:4      | Found Gemenk's Antique Weapon Shop.
  3223 | D:4      | Found Ozyoca's Assorted Antiques.
  3250 | D:4      | Found Puwkat's Assorted Antiques.
  3338 | D:4      | Found a sparkling altar of Nemelex Xobeh.
  3422 | D:4      | Found a radiant altar of Vehumet.
  3467 | D:4      | Found Raaluf's Gadget Emporium.
  3627 | D:5      | Entered Level 5 of the Dungeon
  3658 | D:5      | Reached skill level 7 in Axes
  3731 | D:5      | Noticed Edmund
  3748 | D:5      | Killed Edmund
  3748 | D:5      | Reached * piety under Okawaru
  3748 | D:5      | Reached XP level 7. HP: 31/64 MP: 6/6
  3943 | D:5      | Reached skill level 8 in Axes
  4081 | D:5      | Reached ** piety under Okawaru
  4144 | D:5      | Found a bloodstained altar of Trog.
  4228 | D:5      | Reached skill level 9 in Axes
  4365 | D:5      | Noticed a wizard
  4369 | D:5      | Killed a wizard
  4434 | D:5      | Found a runed door.
  4438 | D:5      | Noticed Crazy Yiuf
  4444 | D:5      | Killed Crazy Yiuf
  4568 | D:6      | Reached XP level 8. HP: 62/73 MP: 7/7
  4795 | D:6      | Found a staircase to the Ecumenical Temple.
  4818 | D:6      | Reached skill level 10 in Axes
  5079 | D:6      | Reached *** piety under Okawaru
  5098 | D:6      | Reached skill level 11 in Axes
  5598 | D:7      | Noticed Menkaure
  5604 | D:7      | Killed Menkaure
  5613 | D:7      | Reached XP level 9. HP: 80/83 MP: 8/8
  5630 | D:7      | Reached **** piety under Okawaru
  5630 | D:7      | Reached skill level 12 in Axes
  5776 | D:7      | Found an ancient bone altar of Kikubaaqudgha.
  5875 | D:7      | Noticed Pikel
  5881 | D:7      | Killed Pikel
  6089 | D:7      | Found a shattered altar of Ashenzari.
  6196 | D:7      | Reached skill level 10 in Fighting
  6461 | D:7      | Reached skill level 13 in Axes
  7604 | D:8      | Found a hide-covered altar of Uskayaw.
  7664 | D:8      | Got a transparent dagger
  7665 | D:8      | Identified the +6 dagger "Wetes" {holy, rN+ MR++ Int+2
                  | Dex+3} (You found it on level 8 of the Dungeon)
  7785 | D:8      | Reached XP level 10. HP: 87/94 MP: 9/9
  7795 | D:8      | Found a bloodstained altar of Trog.
  7813 | D:8      | Noticed a +0 hand axe
  7813 | D:8      | Noticed a +0 dagger
  8495 | D:9      | Noticed Erica
  8501 | D:9      | Killed Erica
  8501 | D:9      | Reached skill level 14 in Axes
  8673 | D:9      | Found a staircase to the Lair.
  8682 | D:9      | Reached ***** piety under Okawaru
  9327 | D:9      | Reached skill level 15 in Axes
 10407 | D:10     | Entered Level 10 of the Dungeon
 10479 | D:10     | Got a warped long sword
 10480 | D:10     | Identified the +8 long sword "Secarar" {protect, Int+4}
                  | (You found it on level 10 of the Dungeon)
 10535 | D:10     | Received a gift from Okawaru
 10620 | D:10     | Reached XP level 11. HP: 96/104 MP: 10/10
 10779 | D:10     | Noticed a deep elf mage
 10784 | D:10     | Killed a deep elf mage
 10896 | D:10     | Reached skill level 16 in Axes
 10903 | D:10     | Noticed a purple ugly thing
 10907 | D:10     | Reached ****** piety under Okawaru
 10912 | D:10     | Killed a purple ugly thing
 11249 | Lair:1   | Entered Level 1 of the Lair of Beasts
 11740 | Lair:1   | Received a gift from Okawaru
 12261 | Lair:1   | Reached skill level 5 in Armour
 12398 | Lair:1   | Reached skill level 17 in Axes
 12666 | Lair:1   | Received a gift from Okawaru
 12939 | Lair:2   | Reached XP level 12. HP: 96/115 MP: 11/11
 13084 | Lair:2   | Found a dark tunnel.
 13095 | Volcano  | Entered a volcano
 13772 | Volcano  | Found a bloodstained altar of Trog.
 13791 | Volcano  | Noticed a stone giant
 13796 | Volcano  | HP: 3/115 [stone giant (18)]
 13797 | Volcano  | Slain by a stone giant

Vault maps used:
D:1:      dpeg_arrival_boxorama
D:2:      first_ration
D:3:      okawaru_trees_1, lemuel_crystal_altar, minitemple, serial_park_tiny_2
D:4:      lemuel_round_altar, nemelex_xobeh_ov_fountains_minmay, serial_shops,
          nicolae_shop_overgrown_old_shop, nicolae_shop_window_shopping,
          nicolae_shop_overgrown_old_shop, kennysheep_mini_moat, shop
D:5:      trog_wizard, uniq_crazy_yiuf_cottage, uniq_edmund
D:6:      minmay_temple_entry_sparse_star, minmay_unpleasant_kobolds
D:7:      kennysheep_little_box, overflow_temple_1_default,
          chequers_serial_rivers_micro_a, uniq_pikel, uniq_menkaure
D:8:      marbit_many_paths, dancing_weapons_uskayaw
D:9:      david_lair_shrubbed, uniq_erica
Lair:1:   st_stairs_12, grunt_megastairs_4
Lair:2:   nicolae_spider_entry_non_spiders, enter_volcano_3,
          beast_lair_carwin_2, minmay_lair_oklob_chamber, grunt_megastairs_3
Volcano:  volcano_lake

Skill      XL: |  1  2  3  4  5  6  7  8  9 10 11 |
---------------+----------------------------------+-----
Axes           | 3 4 5 6 7 9 11 13 15 17 | 17.8
Fighting       | 4 5 6 7 9 10 12 13 | 13.5
Armour         | 6 |  6.8
Shields        | |  3.6

Action                   |  1- 3 |  4- 6 |  7- 9 | 10-12 || total
-------------------------+-------+-------+-------+-------++-------
Melee: War axe           |    83 |   119 |   273 |       ||   475
       Headbutt          |     8 |    20 |    55 |    81 ||   164
       Broad axe         |       |       |    26 |   428 ||   454
       Punch             |       |       |       |     1 ||     1
Invok: Heroism           |       |       |       |     4 ||     4
  Use: Potion            |       |     2 |       |     1 ||     3
       Scroll            |       |     1 |     5 |     7 ||    13
  Eat: Chunk             |     3 |     6 |     9 |    15 ||    33
       Ration            |       |       |     1 |     1 ||     2
Armor: Scale mail        |    37 |     6 |       |       ||    43
       Chain mail        |       |    87 |   129 |       ||   216
       Plate armour      |       |       |    57 |   221 ||   278
Dodge: Dodged            |    40 |    40 |   100 |   135 ||   315

Table legend:
 A = Non-vault XP
 B = Vault XP
 C = Vault XP percentage of total XP
 D = Non-vault monster count
 E = Vault monster count
 F = Vault count percentage of total count
                 A         B        C        D         E       F
            +---------+---------+-------+---------+---------+-------
      Total |   18313 |    6885 |  27.3 |     258 |      39 |  13.1
            +---------+---------+-------+---------+---------+-------
        D:1 |      40 |       0 |   0.0 |      15 |       0 |   0.0
        D:2 |      61 |       0 |   0.0 |      21 |       0 |   0.0
        D:3 |     348 |       0 |   0.0 |      33 |       0 |   0.0
        D:4 |      74 |       0 |   0.0 |       7 |       0 |   0.0
        D:5 |     602 |     198 |  24.8 |      16 |       2 |  11.1
        D:6 |    1034 |     197 |  16.0 |      26 |       6 |  18.8
        D:7 |    1354 |     776 |  36.4 |      18 |       2 |  10.0
        D:8 |     851 |     131 |  13.3 |      15 |       1 |   6.2
        D:9 |    2939 |    1245 |  29.8 |      30 |       2 |   6.2
       D:10 |    3945 |       0 |   0.0 |      42 |       0 |   0.0
     Lair:1 |    5002 |    1270 |  20.2 |      25 |       4 |  13.8
     Lair:2 |    2063 |    1485 |  41.9 |      10 |      15 |  60.0
    Volcano |       0 |    1583 | 100.0 |       0 |       7 | 100.0
            +---------+---------+-------+---------+---------+-------
